 Dungeon Sprint DCSS version 0.29-a0-717-g6dac4ea423 (webtiles) character file.

Game seed: 10847178406636490439

1805 mhtbhm the Imperceptible (level 8, -8/31 HPs)
             Began as a Felid Enchanter on June 26, 2022.
             Was the Champion of Dithmenos.
             Mangled by a demonic crawler (14 damage)
             ... in the Dungeon (Sprint I: "Red Sonja").
             The game lasted 00:08:53 (1495 turns).

mhtbhm the Imperceptible (Felid Enchanter)          Turns: 1495, Time: 00:08:54

Health: -8/31      AC:  2    Str:  4    XL:     8   Next: 84%
Magic:  21/21      EV: 23    Int: 18    God:    Dithmenos [******]
Gold:   513        SH:  0    Dex: 20    Spells: 11/23 levels left
                                        Lives:  0   Deaths: 2

rFire   + . .      SeeInvis +     - Unarmed
rCold   . . .      Faith    .   (shield unavailable)
rNeg    . . .      Spirit   .   (body armour unavailable)
rPois   .          Reflect  .   (helmet unavailable)
rElec   .          Harm     .   (cloak unavailable)
rCorr   .          Rampage  .   (gloves unavailable)
Will    +....      NoTele   +   (boots unavailable) Stlth ****++++++
                                (no amulet)
HPRegen 0.10/turn               m - ring of protection from fire
MPRegen 0.17/turn               (no ring)

@: wreathed by umbra, quick
A: very small, claws 1, fangs 3, see invisible, speed 1, shaggy fur 2, stealthy
paws, no weapons or thrown items, no armour, multi-lived
a: Renounce Religion, Shadow Step, Shadow Form


You were in the Dungeon.
You worshipped Dithmenos.
Dithmenos was exalted by your worship.
You visited 1 branch You collected 1496 gold pieces.
You spent 983 gold pieces at shops.

Inventory:

Jewellery
 m - a ring of protection from fire (left paw)
Wands
 f - a wand of digging (5)
Scrolls
 g - a scroll of magic mapping {unknown}
 i - 2 scrolls of identify
 l - a scroll of fog
Potions
 a - 3 potions of invisibility
 b - 2 potions of curing
 c - a potion of heal wounds
 e - 2 potions of magic
Miscellaneous
 k - a condenser vane (inert)
 n - a lightning rod (1/4)


   Skills:
 + Level 0.4 Fighting
 + Level 7.7 Dodging
 + Level 21.1 Stealth
 + Level 8.7 Unarmed Combat
 + Level 8.3 Spellcasting
 + Level 16.2 Hexes
 + Level 5.3 Ice Magic
 * Level 9.7 Invocations
 + Level 2.9 Evocations


You had 11 spell levels left.
You knew the following spells:

 Your Spells              Type           Power      Damage    Failure   Level
a - Ensorcelled Hibernat  Hex/Ice        92%        N/A       1%          2
b - Confusing Touch       Hex            60%        N/A       1%          3
c - Tukima's Dance        Hex            60%        N/A       1%          3
d - Dazzling Flash        Conj/Hex       72%        N/A       1%          3
e - Slow                  Hex            100%       N/A       0%          1

Your spell library contained the following spells:

 Spells                   Type           Power      Damage    Failure   Level
 Vampiric Draining        Necr           7%         2d6       28%         3


Dungeon Overview and Level Annotations

Branches:
Dungeon (1/1)

Altars:
Cheibriados
Dithmenos
Elyvilon
Fedhas
Gozag
Hepliaklqana
Kikubaaqudgha
Makhleb
Nemelex Xobeh
Okawaru
Qazlal
Ru
Sif Muna
Trog
Uskayaw
Vehumet
Wu Jian
Xom
Yredelemnul
Zin
The Shining One
Jiyva
Lugonu

Shops:
D *[([**=:[?==*:([(


Innate Abilities, Weirdness & Mutations

You have sharp claws.
You have razor-sharp teeth.
You have supernaturally acute eyesight. (SInv)
You cover ground quickly. (Speed+)
You are covered in thick fur. (AC +2)
Your paws help you pounce on unaware monsters.
You are incapable of wielding weapons or throwing items.
You cannot wear armour.
You gain extra lives every three experience levels.


Message History

Unknown command.
Aiming: Thunderbolt
Press: ? - help, Shift-Dir - straight line, f - demonic crawler
Aim: a demonic crawler (black smoke, heavily wounded, catching its breath, umbra)
The thunderbolt hits the demonic crawler.
The demonic crawler resists.
The demonic crawler is heavily wounded.
The thunderbolt hits the gargoyle.
The gargoyle resists.
The gargoyle is lightly damaged.
The demonic crawler misses you. The demonic crawler closely misses you.
The demonic crawler hits you!
* * * LOW HITPOINT WARNING * * *
You emit a cloud of dark smoke.
Unknown command.
Okay, then.
You feel much better. The demonic crawler closely misses you.
The demonic crawler completely misses you. x2
Aiming: Thunderbolt
Press: ? - help, Shift-Dir - straight line, f/p - demonic crawler
Aim: a demonic crawler (black smoke, heavily wounded, catching its breath, umbra)
The thunderbolt hits the demonic crawler.
The demonic crawler resists.
The demonic crawler is severely wounded.
The thunderbolt hits the gargoyle.
The gargoyle resists.
The gargoyle is moderately damaged.
The demonic crawler completely misses you.
The demonic crawler misses you. x2
Unknown command.
Aiming: Thunderbolt
Press: ? - help, Shift-Dir - straight line, f/p - demonic crawler
Aim: a demonic crawler (black smoke, severely wounded, umbra)
The thunderbolt hits the demonic crawler.
The demonic crawler resists.
The demonic crawler is severely wounded.
The thunderbolt hits the gargoyle but does no damage.
The gargoyle is moderately damaged.
The demonic crawler hits you!
* * * LOW HITPOINT WARNING * * *
You emit a cloud of dark smoke.
The demonic crawler hits you!
You die...

##########################
#<.#.)'..#.)'..#__#†.'..§#
#..'..#.)'..#.9'..'ss#9§§#
#..#####'#####s#__####§§§§
#..####..#...#s####§[#####
#..#__####.§##§#§≈≈§§#..##
#..#____§##§#_§§§§≈§§'..#
#⌠⌠#_.∩§§@s9..§#≈§§§)#..#
#..._..§§##§§#'##§#####'##
#..#___§§###'#...(....#§'.
############.####'###.###.
#∩......?.'...'.....'.∩##.
###++++####.).###########§
###.###.......##§
#.#'#.#...÷..÷.§§
#.....#'''######.


You could see a demonic crawler and a gargoyle.

Vanquished Creatures
  2 centaur warriors (D)
  Sonja (D)
  A deep troll (D)
  An oklob plant (D)
  2 unseen horrors (D)
  3 demonic crawlers (D)
  2 kobold demonologists (D)
  A hornet (D)
  A slime creature (D)
  Sigmund (D)
  A yak (D)
  2 redbacks (D)
  2 floating eyes (D)
  An ogre (D)
  7 necrophages (D)
  8 jellies (D)
  Ijyb (D)
  A ballistomycete spore (D)
38 creatures vanquished.

Vanquished Creatures (others)
  A ballistomycete spore (D)
1 creature vanquished.

Grand Total: 39 creatures vanquished

Notes
Turn   | Place    | Note
-------+----------+-------------------------------------------
     0 | D        | mhtbhm the Felid Enchanter began the quest for the Orb.
     0 | D        | Reached XP level 1. HP: 7/7 MP: 4/4
     2 | D        | Noticed Ijyb
     8 | D        | Killed Ijyb
     9 | D        | Reached skill level 6 in Stealth
     9 | D        | Reached XP level 2. HP: 11/11 MP: 4/6
   153 | D        | Learned a level 2 spell: Ensorcelled Hibernation
   153 | D        | Noticed an ogre
   158 | D        | Killed an ogre
   159 | D        | Reached skill level 8 in Stealth
   159 | D        | Reached XP level 3. HP: 14/14 MP: 5/9
   159 | D        | Reached XP level 4. HP: 18/18 MP: 5/10
   200 | D        | Noticed Sigmund
   208 | D        | Killed Sigmund
   209 | D        | Reached skill level 5 in Dodging
   209 | D        | Reached skill level 11 in Stealth
   209 | D        | Reached skill level 1 in Ice Magic
   209 | D        | Reached XP level 5. HP: 21/21 MP: 4/13
   209 | D        | Gained mutation: You are covered in thick fur. (AC +2)
                  | [Felid growth]
   209 | D        | Reached XP level 6. HP: 24/24 MP: 4/14
   380 | D        | Found an ornate altar of the Wu Jian Council.
   380 | D        | Found a shimmering blue altar of Sif Muna.
   382 | D        | Found a radiant altar of Vehumet.
   387 | D        | Reached skill level 5 in Spellcasting
   388 | D        | Found Nojufor's Armour Emporium.
   388 | D        | Found an ancient bone altar of Kikubaaqudgha.
   388 | D        | Found a hazy altar of Hepliaklqana.
   388 | D        | Found a stormy altar of Qazlal.
   388 | D        | Found a hide-covered altar of Uskayaw.
   388 | D        | Found a blossoming altar of Fedhas.
   388 | D        | Found a bloodstained altar of Trog.
   388 | D        | Found an iron altar of Okawaru.
   388 | D        | Found a basalt altar of Yredelemnul.
   388 | D        | Found a glowing golden altar of the Shining One.
   388 | D        | Found a snail-covered altar of Cheibriados.
   388 | D        | Found a sacrificial altar of Ru.
   388 | D        | Found a glowing silver altar of Zin.
   388 | D        | Found a shadowy altar of Dithmenos.
   388 | D        | Found a white marble altar of Elyvilon.
   388 | D        | Noticed a yak
   393 | D        | Killed a yak
   394 | D        | Reached skill level 12 in Stealth
   394 | D        | Found an opulent altar of Gozag.
   395 | D        | Found a sparkling altar of Nemelex Xobeh.
   403 | D        | Became a worshipper of Dithmenos the Shadowed
   494 | D        | Found Oguo's Armour Emporium.
   508 | D        | Learned a level 3 spell: Confusing Touch
   512 | D        | Learned a level 3 spell: Tukima's Dance
   516 | D        | Learned a level 3 spell: Dazzling Flash
   528 | D        | Noticed Sonja
   532 | D        | Killed Sonja
   533 | D        | Reached skill level 14 in Stealth
   533 | D        | Reached XP level 7. HP: 27/27 MP: 15/17
   548 | D        | Found Fonla's General Store.
   560 | D        | Bought a scroll of identify for 24 gold pieces
   572 | D        | Noticed a deep troll
   576 | D        | Killed a deep troll
   577 | D        | Reached skill level 15 in Stealth
   577 | D        | Reached skill level 5 in Unarmed Combat
   577 | D        | Reached skill level 5 in Invocations
   577 | D        | Reached skill level 1 in Evocations
   577 | D        | Reached XP level 8. HP: 31/31 MP: 17/19
   613 | D        | Found a burning altar of Makhleb.
   613 | D        | Found a viscous altar of Jiyva.
   613 | D        | Found a shimmering altar of Xom.
   613 | D        | Found a corrupted altar of Lugonu.
   613 | D        | Noticed a slime creature
   616 | D        | Killed a slime creature
   616 | D        | Reached * piety under Dithmenos
   617 | D        | Reached skill level 16 in Stealth
   630 | D        | Noticed a kobold demonologist
   631 | D        | Noticed a kobold demonologist
   634 | D        | Killed a kobold demonologist
   635 | D        | Reached XP level 9. HP: 34/34 MP: 20/20
   636 | D        | Killed a kobold demonologist
   636 | D        | Reached ** piety under Dithmenos
   637 | D        | Reached skill level 17 in Stealth
   837 | D        | Noticed a centaur warrior
   838 | D        | Noticed a centaur warrior
   840 | D        | Killed a centaur warrior
   841 | D        | Reached skill level 18 in Stealth
   841 | D        | Reached skill level 15 in Hexes
   841 | D        | Killed a centaur warrior
   858 | D        | Noticed an oklob plant
   860 | D        | Killed an oklob plant
   860 | D        | Reached *** piety under Dithmenos
   861 | D        | Reached skill level 19 in Stealth
   861 | D        | Reached XP level 10. HP: 37/37 MP: 22/22
   869 | D        | Reached skill level 5 in Ice Magic
   895 | D        | Reached skill level 20 in Stealth
   895 | D        | Reached **** piety under Dithmenos
   953 | D        | Reached ***** piety under Dithmenos
   967 | D        | Found Zazig's Book Boutique.
   969 | D        | Found Niqoor's Weapon Emporium.
   971 | D        | Found Iloilonn's Antique Weapon Emporium.
  1358 | D        | Found Acadytai's Armour Shoppe.
  1358 | D        | Found Goifec's Weapon Shop.
  1358 | D        | Found Jaygolid's Assorted Antiques.
  1360 | D        | Found Demabaz's General Store.
  1360 | D        | Found Yzautsea's Jewellery Shop.
  1360 | D        | Found Meuguir's Book Shoppe.
  1360 | D        | Found Erhap's Antique Armour Boutique.
  1360 | D        | Found Loroal's Magic Scroll Emporium.
  1360 | D        | Found Uneuniz's Jewellery Shop.
  1360 | D        | Found Doimof's Jewellery Shoppe.
  1364 | D        | Found Qusumom's General Store.
  1369 | D        | Bought a scroll of fog for 24 gold pieces
  1370 | D        | Bought a ring of protection from fire for 325 gold pieces
  1377 | D        | Bought a lightning rod (4/4) for 300 gold pieces
  1377 | D        | Bought a potion of heal wounds for 50 gold pieces
  1382 | D        | Bought a book of Debilitation for 260 gold pieces
  1384 | D        | Learned a level 1 spell: Slow
  1448 | D        | Reached ****** piety under Dithmenos
  1449 | D        | Reached skill level 21 in Stealth
  1451 | D        | HP: 1/37 [demonic crawler (12)]
  1454 | D        | Noticed a gargoyle
  1464 | D        | HP: 1/37 [demonic crawler (14)]
  1464 | D        | Killed from afar by a gargoyle
  1465 | D        | Reached XP level 9. HP: -12/34 MP: 22/22
  1480 | D        | Slain by a demonic crawler
  1481 | D        | Reached XP level 8. HP: -1/46 MP: 20/21
  1489 | D        | Killed a demonic crawler
  1495 | D        | Mangled by a demonic crawler

Illustrated notes

Levels and vault maps discovered:
D:        dungeon_sprint_1 [red_sonja_temple_1, red_sonja_temple_small_1]

Skill      XL: |  1  2  3  4  5  6  7  8  9 10 |
---------------+-------------------------------+-----
Dodging        | 3 4 5 6 7 |  7.7
Stealth        | 6 8 11 14 15 16 19 21 | 21.1
Hexes          | 6 9 11 13 14 15 16 | 16.2
Spellcasting   | 3 4 6 7 8 |  8.3
Unarmed Combat | 3 4 5 7 8 |  8.7
Ice Magic      | 1 3 4 5 |  5.3
Invocations    | 4 5 6 8 9 |  9.7
Evocations     | 1 2 |  2.9
Fighting       | |  0.4

Action                   |  1- 3 |  4- 6 |  7- 9 | 10-12 || total
-------------------------+-------+-------+-------+-------++-------
Melee: Unarmed           |     5 |     6 |    20 |    50 ||    81
       Punch             |     1 |       |     1 |     1 ||     3
       Bite              |       |       |     1 |     5 ||     6
 Cast: Ensorcelled Hiber |     1 |     6 |       |     5 ||    12
       Confusing Touch   |       |       |     1 |     5 ||     6
Invok: Shadow Step       |       |       |       |     1 ||     1
Evoke: Wand              |       |     2 |     3 |     5 ||    10
       Lightning rod     |       |       |     3 |       ||     3
       Condenser vane    |       |       |     1 |     1 ||     2
  Use: Potion            |     1 |     1 |     2 |     4 ||     8
       Scroll            |       |       |     2 |       ||     2
 Stab: Sleeping          |     3 |     5 |     9 |    14 ||    31
       Invisible         |       |       |     1 |       ||     1
       Confused          |       |       |       |     3 ||     3
Armor: Skin              |       |       |       |     3 ||     3
Dodge: Dodged            |     4 |     5 |    29 |    39 ||    77

Table legend: (Time is in decaauts)
 A = Elapsed time spent in this place.
 B = Non-inter-level travel time spent in this place.
 C = Inter-level travel time spent in this place.
 D = Time resting spent in this place.
 E = Time spent auto-exploring this place.
 F = Levels seen in this place.
 G = Mean time per level.
                   A        B        C        D        E       F      G
               +--------+--------+--------+--------+--------+-----+--------+
         Total |   1386 |   1386 |      0 |    742 |      0 |   1 | 1386.0 |
       Dungeon |   1386 |   1386 |      0 |    742 |      0 |   1 | 1386.0 |
               +--------+--------+--------+--------+--------+-----+--------+

Top non-repeatable levels by time:
       D: 1386 daAuts
